 Dungeon Crawl Stone Soup version 0.30-a0-630-g881e3bac89 (webtiles) character file.

Game seed: 6238254854310265326

611 M4edhros the Sneak (level 7, -5/46 HPs)
             Began as an Octopode Artificer on Jan 13, 2023.
             Slain by a wight
             ... wielding a +0 spear
              (6 damage)
             ... on level 6 of the Dungeon.
             The game lasted 00:03:24 (1726 turns).

M4edhros the Sneak (Octopode Artificer)             Turns: 1726, Time: 00:03:24

Health: -5/46      AC:  1    Str: 11    XL:     7   Next: 44%
Magic:  7/7        EV: 14    Int: 13    God:
Gold:   105        SH:  0    Dex: 15    Spells: 6/6 levels left

rFire   . . .      SeeInvis .    e - +0 scythe (venom)
rCold   . . .      Faith    .    (shield currently unavailable)
rNeg    . . .      Spirit   .    (helmet restricted)
rPois   .          Reflect  .    (no amulet)
rElec   .          Harm     .    (no ring)
rCorr   .          Rampage  .    (no ring)
Will    .....                    (no ring)
Stlth   ++++                     (no ring)
HPRegen 0.27/turn                (no ring)
MPRegen 0.10/turn                (no ring)
                                 (no ring)
                                 (no ring)

@: brilliant, invisible
A: almost no armour, amphibious, 8 rings, camouflage 1, gelatinous body 1,
(nimble swimmer 1), tentacles
a: no special abilities


You were on level 6 of the Dungeon.
You visited 1 branch of the dungeon, and saw 6 of its levels.

You collected 105 gold pieces.

Inventory:

Hand Weapons
 e - a +0 scythe of venom (weapon)
Wands
 b - a wand of flame (10) (quivered)
 c - a wand of charming (3)
 d - a wand of iceblast (14)
Scrolls
 a - a scroll of identify {unknown}
 f - a scroll of immolation {unknown}
 h - a scroll of enchant weapon {unknown}
 i - 2 scrolls of fog {unknown}
 j - a scroll of vulnerability {unknown}
 l - a scroll of blinking {unknown}


   Skills:
 - Level 3.3 Fighting
 * Level 2.6 Polearms
 + Level 4.2 Dodging
 * Level 5.4 Stealth
 * Level 5.2 Evocations


You had 6 spell levels left.
You didn't know any spells.
Your spell library contained the following spells:

 Spells                   Type           Power      Damage    Failure   Level
 Sublimation of Blood     Necr           0%         N/A       43%         2
 Wereblood                Tmut           0%         N/A       43%         2
 Summon Hydra             Summ           0%         N/A       100%        7


Dungeon Overview and Level Annotations

Branches:
Dungeon (6/15)
 Temple: D:4-7

Altars:

Shops:
D:5 :   D:6 [


Innate Abilities, Weirdness & Mutations

You cannot wear most types of armour.
You are amphibious.
You can wear up to eight rings at the same time.
Your skin changes colour to match your surroundings (Stealth+).
Your rubbery body absorbs attacks. (AC +1, EV +1)
((You are camouflaged when in or above water. (Stealth+)))
You have tentacles for arms and can constrict up to eight enemies at once.


Message History

Your squeeze misses the wight. The wight misses you.
Reach: e) +0 scythe (venom)
Press: ? - help, Dir - move target, f/p - wight
Aim: a wight, wielding a +0 spear and wearing a +0 robe (unable to see you, about 48% to evade your +0 scythe of venom)
You barely miss the wight. Your grab misses the wight. You squeeze the wight!
The wight is heavily damaged.
The orc misses you. The wight barely misses you. The wight closely misses you.
The wight misses you. The orc hits you but does no damage.
The orc hits the wight with a +0 flail.
Unknown command.
Reach: e) +0 scythe (venom)
Press: ? - help, Dir - move target, f - wight, p - wight
Aim: a wight, wielding a +3 dire flail and wearing a +0 robe (lightly damaged, wandering, unable to see you, hasn't noticed you, about 48% to evade your +0 scythe of venom)
You closely miss the wight. You grab the wight. You squeeze the wight.
The wight is moderately damaged.
You constrict the wight, but do no damage.
The wight misses you.
Reach: e) +0 scythe (venom)
Press: ? - help, Dir - move target, f/p - wight
Aim: a wight, wielding a +3 dire flail and wearing a +0 robe (moderately damaged, constricted by you, unable to see you, about 12% to evade your +0 scythe of venom)
You catch the helpless wight completely off-guard!
You hit the wight. You tentacle-slap the wight.
The wight is severely damaged.
You constrict the wight, but do no damage.
The orc seems less confused.
The wight hits you with a +3 dire flail!
You feel drained. The wight barely misses you.
You puncture the wight!
You destroy the wight!
The orc barely misses you.
The wight hits you from afar with a +0 spear.
* * * LOW HITPOINT WARNING * * *
The wight hits you from afar with a +0 spear!
* * * LOW HITPOINT WARNING * * *
The orc closely misses you.
Your life force feels restored.
You closely miss the orc. Your grab misses the orc. You squeeze the orc.
The orc is severely wounded.
The wight hits you from afar with a +0 spear.
You die...

##....... #######
#.......o #.....#
##...... #.....#
.....?.. #.....#
....o.)## ##.>####
#.).###..#..#
#.z.#.......#
###.)....######
.###...o@........#
.................#
..........8......#
.................#
.####...>...8....#
#..).......##.#
#..#8...∩...8#.#
.................#
##.##...8...<..###


You could see a wight (unable to see you) and 2 orcs.

Vanquished Creatures
  Sigmund (D:2)
  A black bear (D:4)
  A scorpion (D:5)
  2 wights (D:6)
  An orc priest (D:2)
  An orc wizard (D:6)
  2 gnolls (D:2)
  6 adders
  An orc (D:6)
  A ball python (D:1)
  4 endoplasms
  A giant cockroach (D:4)
  5 goblins
  4 hobgoblins
  3 jackals (D:1)
  3 kobolds
  A quokka (D:5)
  2 rats
40 creatures vanquished.

Vanquished Creatures (collateral kills)
  An orc wizard (D:2)
  Robin (D:2)
  A gnoll (D:2)
  2 orcs (D:2)
  A goblin (D:2)
  A hobgoblin (D:2)
7 creatures vanquished.

Vanquished Creatures (others)
  2 goblins (D:2)
  A hobgoblin (D:2)
  A kobold (D:2)
4 creatures vanquished.

Grand Total: 51 creatures vanquished

Notes
Turn   | Place    | Note
-------+----------+-------------------------------------------
     0 | D:1      | M4edhros the Octopode Artificer began the quest for the
                  | Orb.
     0 | D:1      | Reached XP level 1. HP: 13/13 MP: 1/1
   109 | D:1      | Found a faded altar of an unknown god.
   121 | D:1      | Reached XP level 2. HP: 13/18 MP: 2/2
   188 | D:2      | Reached XP level 3. HP: 15/23 MP: 3/3
   415 | D:2      | Reached XP level 4. HP: 13/29 MP: 4/4
   516 | D:2      | Noticed Sigmund
   522 | D:2      | Killed Sigmund
   523 | D:2      | Reached XP level 5. HP: 15/36 MP: 5/5
   523 | D:2      | Reached XP level 6. HP: 17/41 MP: 6/6
   675 | D:2      | Noticed Robin
   698 | D:2      | Killed Robin
   960 | D:2      | HP: 2/42 [gnoll/+2 halberd of flaming (3)]
   972 | D:2      | Reached skill level 1 in Polearms
  1368 | D:4      | Noticed a black bear
  1376 | D:4      | Killed a black bear
  1516 | D:5      | Entered Level 5 of the Dungeon
  1516 | D:5      | Found Dugguo Xiush's Book Emporium.
  1524 | D:5      | Reached XP level 7. HP: 46/46 MP: 7/7
  1665 | D:6      | Found Xerphung's Antique Armour Shop.
  1676 | D:6      | Reached skill level 5 in Stealth
  1676 | D:6      | Reached skill level 5 in Evocations
  1725 | D:6      | HP: 1/44 [wight/+0 spear (9)]
  1726 | D:6      | Slain by a wight

Illustrated notes

Levels and vault maps discovered:
D:1:      onia_arrival_mini_maze_b, layout_loops_ring,
          hellmonk_ecumenical_altar_dog_temple, minmay_tromino_v2
D:2:      layout_basic, uniq_sigmund, uniq_robin
D:3:      cheibrodos_fertilizer, layout_basic, vehumet_crystals, minmay_puff,
          uniq_terence
D:4:      layout_basic
D:5:      layout_basic, lemuel_coloured_pillars_altar, serial_shops,
          nicolae_shop_waterfront, shop, kennysheep_little_box, uniq_edmund
D:6:      layout_rooms, mainiacjoe_overflow_concentric_impassable,
          minmay_temple_entry_poolview, gammafunk_ghost_nasty_kobolds,
          serial_shops, nicolae_stop_n_shop_1

Skill      XL: |  1  2  3  4  5  6  7 |
---------------+----------------------+-----
Stealth        | 2 3 4 5 |  5.4
Fighting       | 2 3 |  3.3
Dodging        | 3 4 |  4.2
Evocations     | 4 5 |  5.2
Polearms       | 2 |  2.6

Action                   |  1- 3 |  4- 6 |  7- 9 || total
-------------------------+-------+-------+-------++-------
Melee: Club              |    24 |    12 |       ||    36
       Constrict         |     7 |    11 |     4 ||    22
       Tentacles         |     5 |    11 |     6 ||    22
       Punch             |     1 |       |     1 ||     2
       Halberd           |       |    33 |    20 ||    53
Evoke: Wand              |     3 |    14 |       ||    17
  Use: Potion            |       |       |     2 ||     2
 Stab: Sleeping          |     2 |    10 |     1 ||    13
       Invisible         |       |       |     3 ||     3
Armor: Skin              |     2 |     3 |     1 ||     6
Dodge: Dodged            |    23 |    34 |    14 ||    71

Table legend: (Time is in decaauts)
 A = Elapsed time spent in this place.
 B = Non-inter-level travel time spent in this place.
 C = Inter-level travel time spent in this place.
 D = Time resting spent in this place.
 E = Time spent auto-exploring this place.
 F = Levels seen in this place.
 G = Mean time per level.
                   A        B        C        D        E       F      G
               +--------+--------+--------+--------+--------+-----+--------+
         Total |   1758 |   1693 |     65 |    284 |    998 |   6 |  293.0 |
       Dungeon |   1758 |   1693 |     65 |    284 |    998 |   6 |  293.0 |
               +--------+--------+--------+--------+--------+-----+--------+

Top non-repeatable levels by time:
     D:2: 1092 daAuts
     D:4: 182 daAuts
     D:5: 150 daAuts
     D:1: 135 daAuts
     D:3: 130 daAuts
     D:6: 67 daAuts
